 Dungeon Crawl Stone Soup version 0.27-a0-732-ga892ba84f6 (webtiles) character file.

Game seed: 16538801943879940210

2267 night the Fighter (level 9, -4/71 HPs)
             Began as a Djinni Venom Mage on Mar 23, 2021.
             Slain by a wight
             ... wielding a +2 short sword
              (9 damage)
             ... on level 7 of the Dungeon.
             The game lasted 00:21:18 (9542 turns).

night the Fighter (Djinni Venom Mage)               Turns: 9542, Time: 00:21:19

Health: -4/71      AC:  8    Str: 15    XL:     9   Next: 38%
Magic:  0/0        EV: 12    Int: 18    God:
Gold:   19         SH:  0    Dex: 15    Spells: 4/23 levels left

rFire    + + .     SeeInvis +   J - +6 hand axe "Siodyez" {holy, rC++ Str+3 SInv}
rCold    + . .     Faith    .   (no shield)
rNeg     . . .     Spirit   .   e - +3 leather armour "Ycovoeg" {*Slow Str+4 Stlth+}
rPois    ∞         Reflect  .   w - +0 helmet
rElec    .         Harm     .   F - +0 cloak
rCorr    .         Rampage  .   (no gloves)
Will     .....                  (boots unavailable)
Stlth    +++.......             (no amulet)
HPRegen  0.21/turn              (no ring)
MPRegen  0.00/turn              (no ring)

@: flying, very slightly contaminated
A: fire resistance 2, cold vulnerability 1, float, innate caster, hp casting,
extra vitality 1
a: no special abilities


You were on level 7 of the Dungeon.
You visited 1 branch of the dungeon, and saw 7 of its levels.

You collected 271 gold pieces.
You spent 252 gold pieces at shops.

Inventory:

Hand Weapons
 I - a +0 long sword
 J - the +6 hand axe "Siodyez" (weapon) {holy, rC++ Str+3 SInv}
   (You found it on level 7 of the Dungeon)

   It has been blessed by the Shining One to cause great damage to the undead
   and demons.
   It affects your strength (+3).
   It greatly protects you from cold.
   It lets you see invisible.
Missiles
 g - 138 arrows
 i - 120 stones
 p - 8 poisoned darts
 x - 22 sling bullets
 B - 52 bolts
 L - 8 boomerangs
Armour
 e - the +3 leather armour "Ycovoeg" (worn) {*Slow Str+4 Stlth+}
   (You found it on level 6 of the Dungeon)

   It affects your strength (+4).
   It may slow you when you take damage.
   It makes you more stealthy.
 w - a +0 helmet (worn)
 E - a +1 ring mail of cold resistance
 F - a +0 cloak (worn)
Jewellery
 h - a ring of protection from fire
 m - a +6 ring of intelligence
 u - a +4 ring of slaying
Wands
 q - a wand of random effects (5)
 A - a wand of digging (3)
 H - a wand of mindburst (13)
Scrolls
 d - 2 scrolls of identify
 f - 2 scrolls of blinking {unknown}
 j - a scroll of immolation {unknown}
 l - a scroll of enchant armour {unknown}
 n - a scroll of torment
 r - 4 scrolls of teleportation {unknown}
 v - a scroll of enchant weapon {unknown}
 y - a scroll of random uselessness {unknown}
 z - a scroll of vulnerability {unknown}
 D - 2 scrolls of amnesia {unknown}
 K - a scroll of fog {unknown}
Potions
 a - a potion of ambrosia {unknown}
 b - 3 potions of lignification
 c - 2 potions of haste {unknown}
 k - a potion of heal wounds
 o - a potion of magic {unknown}
 s - 2 potions of curing {unknown}
 t - a potion of flight {unknown}
 C - a potion of brilliance {unknown}
 G - a potion of attraction {unknown}
 M - a potion of degeneration {unknown}


   Skills:
 + Level 8.8 Fighting
 - Level 2.1 Dodging
 - Level 1.5 Stealth
 * Level 7.6 Spellcasting


You had 4 spell levels left.
You knew the following spells:

 Your Spells              Type           Power      Damage    Failure   Level
a - Sting                 Tmut/Pois      100%       1d8       1%          1
b - Poisonous Vapours     Pois/Air       68%        N/A       1%          2
c - Ignite Poison         Fire/Tmut/Pois 34%        N/A       1%          3
d - Olgreb's Toxic Radia  Pois           34%        N/A       5%          4
e - Mephitic Cloud        Conj/Pois/Air  34%        N/A       1%          3
f - Corona                Hex            37%        N/A       1%          1
g - Slow                  Hex            34%        N/A       1%          2
h - Frozen Ramparts       Ice            68%        1d8       1%          3
Your spell library was empty.

Dungeon Overview and Level Annotations

Branches:
Dungeon (7/15)
 Temple: D:4-7

Altars:
Dithmenos
Fedhas
Nemelex Xobeh
Qazlal
Uskayaw
Vehumet
Yredelemnul

Shops:
D:1 !*![

Annotations:
D:3 3 runed translucent doors, Lanoc's ghost, amateur DDWr; emiel's ghost, amateur NaWn; emiel's ghost, amateur SpGl


Innate Abilities, Weirdness & Mutations

You are immune to poison.
Your flesh is very heat resistant. (rF++)
You are vulnerable to cold. (rC-)
You float through the air rather than walking.
You learn spells naturally, not from books.
Your magical power is your life essence.
You have superior vitality. (+4 HP)


Message History

The stinking cloud engulfs the wight but does no damage.
The wight is heavily damaged.
The stinking cloud engulfs the wight but does no damage.
The wight is lightly damaged.
The stinking cloud engulfs the wight but does no damage.
The wight is lightly damaged.
The stinking cloud engulfs you but does no damage.
The wight resists.
The wall freezes the wight.
The wight hits you with a +1 short sword.
The wight resists.
The wall freezes the wight.
The wight misses you.
Your frozen ramparts will break if you move.
Continue?
The frozen ramparts melt away as you move.
Casting: Mephitic Cloud (safe; 1% risk of failure)
Confirm with . or Enter, or press ? or * to list all spells.
You miscast Ignite Poison.
You are very lightly contaminated with residual magic.
Nothing appears to happen.
The wight hits you with a +2 short sword.
The wight hits you from afar with a +0 halberd!
Casting: Ignite Poison (safe; 1% risk of failure)
Confirm with . or Enter, or press ? or * to list all spells.
You ignite the poison in your surroundings!
The wight is engulfed in blazing flames. x3
The wight hits you from afar with a +0 halberd.
* * * LOW HITPOINT WARNING * * *
Unknown command.
You closely miss the wight.
The wight is almost destroyed.
The wight is engulfed in blazing flames.
You destroy the wight!
The wight hits you with a +2 short sword!
* * * LOW HITPOINT WARNING * * *
The wight is engulfed in blazing flames.
You destroy the wight!
The wight hits you with a +2 short sword.
* * * LOW HITPOINT WARNING * * *
You hit the wight.
The wight convulses.
The wight is almost destroyed.
The wight hits you with a +2 short sword!
You die...

...†$..+...................)..
#......#.......###............
.......#.....#.#.#.#..........
..##..##.......#.#.....####..#
..##..##+#.#.........#.####..#
#.#...........##.##...........
..........###.#...#.###......
........#.#...).[.[[..#.#....
...)..z...###.#z@.#.###......
#####...#.[...##○##.....#####
######.#...○○....#.##
#.....°#○#.......
#....#.#)#.#......
#......###.........
#...<..............
#.......#.......
#...............


You could see a wight.

Vanquished Creatures
  A centaur zombie (D:7)
  A hornet zombie (D:7)
  2 orc warriors
  2 ogres
  2 centaurs
  2 bullfrogs
  A scorpion (D:4)
  11 killer bees
  3 wights (D:7)
  A bullfrog zombie (D:5)
  A jelly (D:4)
  An orc priest (D:5)
  A centaur skeleton (D:5)
  2 hounds
  4 iguanas
  2 orc wizards
  3 worker ants
  6 adders
  An ufetubus (D:5)
  An adder skeleton (D:7)
  2 worms
  A dart slug (D:1)
  22 orcs
  A giant cockroach (D:3)
  5 goblins
  3 hobgoblins
  6 jackals
  8 oozes
  A quokka (D:2)
  7 ball pythons
  6 bats
  4 frilled lizards
  11 kobolds
  A quokka skeleton (D:4)
  6 rats
132 creatures vanquished.

Vanquished Creatures (others)
  26 plants (D:2)
26 creatures vanquished.

Grand Total: 158 creatures vanquished

Notes
Turn   | Place    | Note
-------+----------+-------------------------------------------
     0 | D:1      | night the Djinni Venom Mage began the quest for the Orb.
     0 | D:1      | Reached XP level 1. HP: 15/15 MP: 0/0
   409 | D:1      | Reached skill level 1 in Fighting
   561 | D:1      | Found Gimuaj's Antique Armour Boutique.
   578 | D:1      | Reached XP level 2. HP: 19/22 MP: 0/0
   929 | D:1      | Found Kixzouq's General Store.
   930 | D:1      | Found Vilot's Distillery.
  1021 | D:1      | Found Likoyt Omuen's Distillery.
  1177 | D:2      | Reached skill level 2 in Fighting
  1177 | D:2      | Reached XP level 3. HP: 25/28 MP: 0/0
  1177 | D:2      | Learned a level 1 spell: Corona
  1380 | D:2      | Noticed a +0 short sword
  1380 | D:2      | Noticed a +0 short sword
  1382 | D:2      | Noticed a +0 falchion
  1382 | D:2      | Noticed a +0 falchion
  1382 | D:2      | Noticed a +0 dagger
  1384 | D:2      | Noticed a +0 dagger
  1384 | D:2      | Noticed a +0 spear
  1386 | D:2      | Noticed a +0 spear
  1440 | D:2      | Found a hide-covered altar of Uskayaw.
  1862 | D:2      | Found a shadowy altar of Dithmenos.
  2082 | D:2      | Reached XP level 4. HP: 32/34 MP: 0/0
  2105 | D:2      | Found a faded altar of an unknown god.
  2514 | D:3      | Reached skill level 3 in Fighting
  2953 | D:3      | Found a runed translucent gate.
  2953 | D:3      | Found a runed translucent gate.
  2955 | D:3      | Found a runed translucent gate.
  2957 | D:3      | Noticed emiel's ghost (amateur NaWn)
  2957 | D:3      | Noticed emiel's ghost (amateur SpGl)
  2957 | D:3      | Noticed Lanoc's ghost (amateur DDWr)
  3404 | D:3      | Found a sparkling altar of Nemelex Xobeh.
  4243 | D:4      | Reached XP level 5. HP: 39/41 MP: 0/0
  4243 | D:4      | Learned a level 2 spell: Slow
  4253 | D:4      | Noticed an ogre
  4259 | D:4      | Killed an ogre
  4260 | D:4      | Reached skill level 4 in Fighting
  4348 | D:4      | Reached XP level 6. HP: 44/48 MP: 0/0
  4634 | D:4      | Found a basalt altar of Yredelemnul.
  4663 | D:4      | Noticed an orc warrior
  4673 | D:4      | Killed an orc warrior
  4674 | D:4      | Reached skill level 5 in Fighting
  5104 | D:4      | Reached XP level 7. HP: 49/54 MP: 0/0
  5406 | D:5      | Entered Level 5 of the Dungeon
  5569 | D:5      | Reached skill level 6 in Fighting
  6307 | D:5      | Reached skill level 7 in Fighting
  6307 | D:5      | Reached skill level 5 in Spellcasting
  6307 | D:5      | Reached XP level 8. HP: 38/64 MP: 0/0
  6448 | D:5      | Found a stormy altar of Qazlal.
  6999 | D:1      | Bought a glowing ring mail for 182 gold pieces
  7752 | D:6      | Found a blossoming altar of Fedhas.
  8426 | D:6      | Identified the +3 leather armour "Ycovoeg" {*Slow Str+4
                  | Stlth+}
  8554 | D:1      | Bought a potion of heal wounds for 70 gold pieces
  8888 | D:7      | Identified the +6 hand axe "Siodyez" {holy, rC++ Str+3
                  | SInv}
  8899 | D:7      | Reached skill level 8 in Fighting
  8914 | D:7      | Reached XP level 9. HP: 34/71 MP: 0/0
  8914 | D:7      | Learned a level 3 spell: Frozen Ramparts
  8935 | D:7      | HP: 9/71 [hornet zombie (5)]
  9301 | D:7      | Found a radiant altar of Vehumet.
  9541 | D:7      | HP: 10/71 [wight/+2 short sword (11)]
  9542 | D:7      | Slain by a wight

Illustrated notes

Levels and vault maps discovered:
D:1:      saegor_arrival_simple_b, layout_rooms, serial_shops, shop, shop, shop,
          shop_statue
D:2:      layout_loops_ring, nicolae_dithmenos_through_a_glass_darkly,
          nicolae_uskayaw_en_pointe, serial_bayou, serial_bayou_pond_e,
          serial_bayou_lagoon_a, serial_bayou_pond_b, serial_bayou_shore_a,
          serial_bayou_pond_d, serial_bayou_pond_b,
          chequers_ecumenical_altar_island
D:3:      layout_loops_corners, nemelex_xobeh_ov_fountains_minmay,
          gammafunk_ghost_cemetery
D:4:      layout_loops_ring, nicolae_overflow_crystal_walls
D:5:      layout_basic, lemuel_crystal_altar
D:6:      layout_basic, lemuel_doored_altar, small_statue_intersection
D:7:      cheibrodos_grave_circle, layout_gridville, vehumet_crystals,
          evilmike_ruin_ashenzari, temple_pool_b,
          gammafunk_ghost_abyssal_escape, minmay_fractal_squares_5

Skill      XL: |  1  2  3  4  5  6  7  8  9 |
---------------+----------------------------+-----
Fighting       | 1 2 3 4 5 7 8 |  8.8
Spellcasting   | 3 4 5 6 7 |  7.6
Dodging        | |  2.1
Stealth        | |  1.5

Action                   |  1- 3 |  4- 6 |  7- 9 || total
-------------------------+-------+-------+-------++-------
Melee: Unarmed           |     8 |       |       ||     8
       Falchion          |    20 |    20 |    29 ||    69
       Hand axe          |       |       |    40 ||    40
       Long sword        |       |       |     7 ||     7
 Cast: Sting             |    53 |    29 |    32 ||   114
       Poisonous Vapours |    11 |    26 |    21 ||    58
       Ignite Poison     |     1 |     2 |    13 ||    16
       Olgreb's Toxic Ra |       |     1 |     8 ||     9
       Slow              |       |     1 |     1 ||     2
       Mephitic Cloud    |       |       |     3 ||     3
       Corona            |       |       |     1 ||     1
       Frozen Ramparts   |       |       |     2 ||     2
  Use: Scroll            |       |     2 |       ||     2
Armor: Robe              |     6 |       |       ||     6
       Leather armour    |     1 |     2 |    65 ||    68
       Ring mail         |       |       |     1 ||     1
Dodge: Dodged            |    31 |    16 |   115 ||   162
       Rpst.: Falchion   |     4 |     5 |     5 ||    14
       Long sword        |       |       |     2 ||     2

Table legend: (Time is in decaauts)
 A = Elapsed time spent in this place.
 B = Non-inter-level travel time spent in this place.
 C = Inter-level travel time spent in this place.
 D = Time resting spent in this place.
 E = Time spent auto-exploring this place.
 F = Levels seen in this place.
 G = Mean time per level.
                   A        B        C        D        E       F      G
               +--------+--------+--------+--------+--------+-----+--------+
         Total |   9592 |   8733 |    859 |   2235 |   5451 |   7 | 1370.3 |
       Dungeon |   9592 |   8733 |    859 |   2235 |   5451 |   7 | 1370.3 |
               +--------+--------+--------+--------+--------+-----+--------+

Top non-repeatable levels by time:
     D:5: 1986 daAuts
     D:3: 1802 daAuts
     D:6: 1422 daAuts
     D:2: 1337 daAuts
     D:4: 1323 daAuts
     D:1: 1214 daAuts
     D:7: 505 daAuts
